 Dungeon Crawl Stone Soup version 0.22.0-40-g68aacdc4c8 (webtiles) character file.

2863 Drachen the Blocker (level 9, -3/56 HPs)
             Began as an Octopode Fighter on Sept 1, 2018.
             Slain by a hippogriff (5 damage)
             ... on level 8 of the Dungeon.
             The game lasted 00:16:18 (8157 turns).

Drachen the Blocker (Octopode Fighter)              Turns: 8157, Time: 00:16:18

Health: -3/56      AC:  1    Str: 16    XL:     9   Next: 75%
Magic:  14/14      EV: 13    Int: 15    God:
Gold:   366        SH: 11    Dex: 14    Spells: 8/8 levels left

rFire    . . .     SeeInvis .   a - +1 long sword
rCold    . . .     Gourm    .   b - +0 shield
rNeg     . . .     Faith    .   (helmet restricted)
rPois    .         Spirit   .   t - amulet of rage
rElec    .         Reflect  .   q - ring of stealth
rCorr    .         Harm     .   (no ring)
MR       .....                  (no ring)
Stlth    +++.......             (no ring)
HPRegen  0.18/turn              (no ring)
MPRegen  0.14/turn              (no ring)
                                (no ring)
                                (no ring)

@: brilliant, hasted, very quick
A: almost no armour, stealthy swim, amphibious, 8 rings, constrict 8, camouflage
1, gelatinous body 1
a: Evoke Berserk Rage


You were on level 8 of the Dungeon.
You were not hungry.

You visited 1 branch of the dungeon, and saw 8 of its levels.

You collected 366 gold pieces.

Inventory:

Hand Weapons
 a - a +1 long sword (weapon)
 o - the +5 battleaxe of the Sugar Beet {chop, rElec rC+}
   (You found it on level 4 of the Dungeon)

   It inflicts extra damage upon your enemies.
   It protects you from cold.
   It insulates you from electricity.
Missiles
 i - 12 curare-tipped needles
 r - 8 tomahawks (quivered)
 u - a throwing net
Armour
 b - a +0 shield (worn)
Jewellery
 g - an uncursed amulet of inaccuracy
 q - a ring of stealth (left tentacle)
 t - an amulet of rage (around mantle)
Wands
 c - a wand of random effects (30)
 n - a wand of disintegration (7)
 p - a wand of clouds (3)
Scrolls
 f - 7 scrolls of identify
 h - a scroll of teleportation
 j - a scroll of magic mapping
 k - a scroll of remove curse
 m - a scroll of enchant weapon
 s - 3 scrolls of random uselessness {unknown}
Potions
 e - 3 potions of flight
Comestibles
 d - 8 rations


   Skills:
 + Level 3.1 Fighting
 - Level 8.1 Long Blades
 + Level 3.1 Dodging
 - Level 8.4 Shields
 - Level 7.4 Evocations


You had 8 spell levels left.
You didn't know any spells.
Your spell library contained the following spells:

 Spells                   Type           Power        Failure   Level  Hunger
 Sandblast                Erth           #.....       7%          1    ##.....
 Passwall                 Tmut/Erth      #.......     11%         2    ###....
 Stone Arrow              Conj/Erth      #.....       19%         3    ####...
 Petrify                  Tmut/Erth      #.......     47%         4    #####..
 Lee's Rapid Deconstruct  Erth           #.........   78%         5    ######.


Dungeon Overview and Level Annotations

Branches:
Dungeon (8/15)             Temple (0/1) D:5
   Lair: D:8-11

Altars:
Elyvilon
Hepliaklqana
Xom
Yredelemnul
The Shining One
Beogh


Innate Abilities, Weirdness & Mutations

You cannot wear most types of armour.
You are very stealthy in the water. (Stealth+)
You are amphibious.
You can wear up to eight rings at the same time.
You can use your tentacles to constrict eight enemies at once.
Your skin changes colour to match your surroundings (Stealth+).
Your rubbery body absorbs attacks. (AC +1, EV +1)


Message History

Press: ? - help, Shift-Dir - straight line, f - hippogriff
Aim: a hippogriff (lightly wounded)
You throw a tomahawk. The tomahawk hits the hippogriff.
The hippogriff is lightly wounded.
You feel much better. The hippogriff bites you!
The hippogriff barely misses you. The hippogriff claws you.
You hit the hippogriff but do no damage.
You squeeze the hippogriff.
The hippogriff is moderately wounded.
The hippogriff bites you. You block the hippogriff's attack.
The hippogriff claws you!
* * * LOW HITPOINT WARNING * * *
You hit the hippogriff.
The hippogriff is moderately wounded.
You hit the hippogriff.
The hippogriff is moderately wounded.
The hippogriff bites you!
* * * LOW HITPOINT WARNING * * *
The hippogriff pecks you.
You die...

# #.c #. ....
###.# ...
.........
#.....#.#######
...........@H5#
#.⌠.⌠.#.#####(#
......o.....#.#
..((.#.###)#.#
..._....# #)).#
#.....#.# ##..#
oo..5...# #..#


#ooH⌠ #.. ##.## #.. ..... ... #..# #.. You could see a hippogriff and a shadow
imp.

Vanquished Creatures
  The ghost of Artagas the Cleaver, a novice HOMo of Qazlal (D:5)
  A hungry ghost (D:7)
  An ice beast (D:7)
  A phantom (D:6)
  A sky beast (D:7)
  6 ogres
  3 bullfrogs
  Blork the orc (D:4)
  A wyvern zombie (D:7)
  2 wyvern skeletons
  A scorpion (D:7)
  An electric eel (D:7)
  5 howler monkeys
  3 crimson imps
  A bullfrog zombie (D:7)
  A hound (D:6)
  3 orc priests
  2 bullfrog skeletons
  An iguana (D:4)
  5 orc wizards
  5 worker ants
  A hound skeleton (D:6)
  5 adders
  3 shadow imps
  An adder zombie (D:6)
  3 worms
  A dart slug (D:1)
  3 leopard geckos
  16 orcs
  4 bats
  8 giant cockroaches
  5 hobgoblins
  8 jackals
  4 quokkas
  5 goblins
  6 kobolds
  A leopard gecko skeleton (D:5)
  A leopard gecko zombie (D:5)
  A quokka skeleton (D:7)
  A quokka zombie (D:7)
  11 rats
134 creatures vanquished.

Vanquished Creatures (collateral kills)
  Menkaure (D:6)
1 creature vanquished.

Vanquished Creatures (others)
  A howler monkey (D:7)
  An adder (D:7)
  An orc (D:7)
3 creatures vanquished.

Grand Total: 138 creatures vanquished

Notes
Turn   | Place    | Note
-------+----------+-------------------------------------------
     0 | D:1      | Drachen the Octopode Fighter began the quest for the Orb.
     0 | D:1      | Reached XP level 1. HP: 16/16 MP: 1/1
   195 | D:1      | Reached XP level 2. HP: 21/21 MP: 2/2
   739 | D:2      | Reached XP level 3. HP: 26/26 MP: 3/3
   896 | D:2      | Found a hazy altar of Hepliaklqana.
  1071 | D:2      | Reached XP level 4. HP: 15/31 MP: 4/4
  1717 | D:3      | Found a roughly hewn altar of Beogh.
  1738 | D:3      | Reached XP level 5. HP: 23/36 MP: 5/5
  2850 | D:3      | You fall through a shaft for 2 floors!
  2850 | D:5      | Entered Level 5 of the Dungeon
  2888 | D:4      | Noticed Blork the orc
  2898 | D:4      | Killed Blork the orc
  2898 | D:4      | Reached skill level 5 in Shields
  2898 | D:4      | Reached XP level 6. HP: 28/42 MP: 6/6
  3372 | D:4      | Reached skill level 5 in Long Blades
  3664 | D:4      | Reached XP level 7. HP: 46/46 MP: 7/7
  4268 | D:4      | Got a faintly glowing battleaxe
  4274 | D:4      | Identified the +5 battleaxe of the Sugar Beet {chop, rElec rC+} (You found it on level 4 of the Dungeon)
  4413 | D:5      | Noticed Artagas's ghost (novice HOMo)
  4447 | D:5      | Found a runed gate.
  4447 | D:5      | Found a runed gate.
  4447 | D:5      | Found a runed gate.
  4727 | D:5      | Found a staircase to the Ecumenical Temple.
  5226 | D:5      | Killed Artagas's ghost
  5226 | D:5      | Reached XP level 8. HP: 21/52 MP: 8/8
  5723 | D:6      | Noticed Menkaure
  5891 | D:6      | Killed Menkaure
  6038 | D:6      | Reached XP level 9. HP: 53/56 MP: 9/9
  6317 | D:7      | Found a glowing golden altar of the Shining One.
  6319 | D:7      | Reached skill level 1 in Evocations
  6547 | D:7      | Found a basalt altar of Yredelemnul.
  6784 | D:7      | Reached skill level 5 in Evocations
  7141 | D:7      | Found a shimmering altar of Xom.
  8115 | D:8      | Found a white marble altar of Elyvilon.
  8157 | D:8      | HP: 2/56 [hippogriff (9)]
  8157 | D:8      | Slain by a hippogriff

Skill      XL: |  1  2  3  4  5  6  7  8  9 |
---------------+----------------------------+-----
Long Blades    | 3 4 5 7 8 |  8.1
Shields        | 4 5 7 8 |  8.4
Evocations     | 7 |  7.4
Fighting       | |  3.1
Dodging        | |  3.1

Action                   |  1- 3 |  4- 6 |  7- 9 || total
-------------------------+-------+-------+-------++-------
Melee: Long sword        |    80 |    74 |   223 ||   377
       Constrict         |    28 |    19 |    33 ||    80
       Tentacles         |    11 |    17 |    55 ||    83
Throw: Tomahawk          |       |       |    22 ||    22
 Abil: Evoke Berserk Rag |       |       |     1 ||     1
Evoke: Wand              |       |       |     6 ||     6
  Use: Potion            |     4 |     1 |     6 ||    11
       Scroll            |     5 |     1 |     5 ||    11
 Stab: Sleeping          |     4 |     6 |     3 ||    13
  Eat: Chunk             |       |     9 |     5 ||    14
       Ration            |       |       |     4 ||     4
Armor: Skin              |     7 |     3 |     6 ||    16
Dodge: Dodged            |    38 |    21 |    70 ||   129
Block: Shield            |    39 |    24 |    90 ||   153
       Rpst.: Long sword |    16 |     8 |    16 ||    40
